[Event "Vienna Championship-B 2022"]
[Site "Vienna"]
[Date "2022.09.19"]
[Round "3.1"]
[White "Anastasakis, Georgios"]
[Black "Wagner, Leopold Franziskus"]
[Result "0-1"]
[ECO "B13"]
[WhiteElo "1893"]
[BlackElo "2201"]
[Annotator "RC"]
[PlyCount "84"]
[EventDate "2022.09.17"]
[EventType "swiss"]
[EventCountry "AUT"]
[SourceTitle "playchess.com"]
[Source "ChessBase"]
[SourceQuality "1"]
[TimeControl "5400+30"]

1. e4 c6 2. d4 d5 3. exd5 cxd5 4. Bd3 Nc6 5. Nf3 Bg4 6. c3 e6 7. h3 Bh5 8. O-O Bd6 9. Re1 Nge7 10. Nbd2 O-O 11. Nf1 Qc7 12. Bg5 f6 13. Bh4 Bxf3 14. Qxf3 e5 15. dxe5 fxe5 16. Qh5 e4 17. Bc2 Nf5 18. Bg3 Rad8 19. Bxd6 Rxd6 20. Ne3 g6 21. Qe2 Kh8 22. Bb3 Nce7 23. Rad1 Qc5 24. Rd2 Rfd8 25. Qg4 Nxe3 26. Rxe3 Nf5 27. Re1 b5 28. Qf4 Re8 29. Kh2 Kg7 30. Kh1 a5 31. g4 Nh4 32. Red1 Rf6 33. Qe3 Qxe3 34. fxe3 Rf3 35. Rxd5 Rxe3 36. Rxb5 Rxh3+ 37. Kg1 Re7 38. c4 e3 39. c5 e2 40. Rc1 Rg3+ 41. Kh2 Rg2+ 42. Kh3 g5 0-1

[Event "Vienna Championship-B 2022"]
[Site "Vienna"]
[Date "2022.09.19"]
[Round "3.3"]
[White "Andresen, Erik"]
[Black "Zetthofer, Gerald"]
[Result "1/2-1/2"]
[ECO "E04"]
[WhiteElo "1879"]
[BlackElo "2153"]
[Annotator "ChessBase"]
[PlyCount "59"]
[EventDate "2022.09.17"]
[EventType "swiss"]
[EventCountry "AUT"]
[SourceTitle "playchess.com"]
[Source "ChessBase"]
[SourceQuality "1"]
[TimeControl "5400+30"]

1. Nf3 d5 2. g3 c5 3. Bg2 Nc6 4. d4 Nf6 5. O-O e6 6. c4 dxc4 7. dxc5 Qxd1 8. Rxd1 Bxc5 9. Nbd2 c3 10. bxc3 Bd7 11. Nb3 Be7 12. Nfd4 Rc8 13. Nb5 O-O 14. Nd6 Bxd6 15. Rxd6 b6 16. c4 Ne5 17. c5 bxc5 18. Bf4 Nc4 19. Rdd1 e5 20. Bg5 Be6 21. Rac1 a5 22. Bb7 Rc7 23. Ba6 Nb6 24. Nxc5 Bxa2 25. Ra1 Rxc5 26. Rxa2 Nbd5 27. Rda1 Ra8 28. Bb7 Ra7 29. Bxd5 Rxd5 30. Bd2 1/2-1/2

[Event "Vienna Championship-B 2022"]
[Site "Vienna"]
[Date "2022.09.19"]
[Round "3.4"]
[White "Kummer, Helmut"]
[Black "Bytyqi, Kujtim"]
[Result "1-0"]
[ECO "E71"]
[WhiteElo "2203"]
[BlackElo "1862"]
[Annotator "RC"]
[PlyCount "55"]
[EventDate "2022.09.17"]
[EventType "swiss"]
[EventCountry "AUT"]
[SourceTitle "playchess.com"]
[Source "ChessBase"]
[SourceQuality "1"]
[TimeControl "5400+30"]

1. d4 Nf6 2. c4 g6 3. Nc3 Bg7 4. e4 d6 5. h3 O-O 6. Be3 Nbd7 7. g4 c5 8. d5 Ne5 9. Be2 a6 10. f4 Ned7 11. g5 Ne8 12. h4 f5 13. exf5 Rxf5 14. Bd3 Nb6 15. Nge2 Rf8 16. h5 e5 17. hxg6 exf4 18. gxh7+ Kh8 19. Nxf4 Rxf4 20. Bxf4 Nd7 21. Qd2 Ne5 22. Bxe5 Bxe5 23. O-O-O b5 24. Rde1 Bg7 25. Qe3 Bd7 26. Qe7 Qc7 27. Qf7 bxc4 28. Qg8# 1-0

[Event "Vienna Championship-B 2022"]
[Site "Vienna"]
[Date "2022.09.19"]
[Round "3.5"]
[White "Nemetz, Markus"]
[Black "Obenaus, Paul"]
[Result "0-1"]
[ECO "E24"]
[WhiteElo "1830"]
[BlackElo "1825"]
[Annotator "NA COMBH"]
[PlyCount "36"]
[EventDate "2022.09.17"]
[EventType "swiss"]
[EventCountry "AUT"]
[SourceTitle "playchess.com"]
[Source "ChessBase"]
[SourceQuality "1"]
[TimeControl "5400+30"]

1. d4 Nf6 2. c4 e6 3. Nc3 Bb4 4. f3 d5 5. a3 Bxc3+ 6. bxc3 c5 7. e3 O-O 8. cxd5 Nxd5 9. Bd3 Nc6 10. Ne2 b6 11. O-O Bb7 12. e4 Nxc3 13. Nxc3 Qxd4+ 14. Kh1 Qxc3 15. Ra2 Rad8 16. Rd2 c4 17. Bb1 Rxd2 18. Bxd2 Qxa3 0-1

[Event "Vienna Championship-B 2022"]
[Site "Vienna"]
[Date "2022.09.19"]
[Round "3.6"]
[White "Gratze, Michael"]
[Black "Stinner, David"]
[Result "1-0"]
[ECO "D23"]
[WhiteElo "1954"]
[BlackElo "1823"]
[Annotator "TA"]
[PlyCount "185"]
[EventDate "2022.09.17"]
[EventType "swiss"]
[EventCountry "AUT"]
[SourceTitle "playchess.com"]
[Source "ChessBase"]
[SourceQuality "1"]
[TimeControl "5400+30"]

1. Nf3 d5 2. d4 Nf6 3. c4 c6 4. Qc2 dxc4 5. Qxc4 Bf5 6. g3 e6 7. Bg2 h6 {[%emt 0:00:57] D23: Queen's Gambit Accepted: 3 Nf3 Nf6 sidelines.} 8. O-O Be7 9. e3 (9. Ne5 {keeps more tension.} Nbd7 10. Qb3 Qb6 11. Nc4) 9... O-O {[%emt 0:00:48] White has an edge.} 10. Rd1 Nbd7 11. Qe2 {[%emt 0:00:18] 11.Nc3 is vanishing.} Qc7 12. Ne1 {[%emt 0:00:37] [#]} (12. Nc3 $14 {feels stronger.}) 12... Be4 $146 ({Predecessor:} 12... e5 13. e4 Be6 14. d5 cxd5 15. exd5 Bf5 16. Nc3 a6 17. Nc2 Bxc2 18. Qxc2 Rad8 {0-1 (42) Mendis,D (1664)-Newansa,M (1163) Nugegoda 2021}) 13. f3 Bh7 14. e4 c5 15. Be3 cxd4 16. Bxd4 Bc5 17. Bxc5 Qxc5+ 18. Qf2 Rfd8 19. Nc3 Qxf2+ 20. Kxf2 Ne5 21. Bf1 Kf8 22. Ke3 Nc6 23. Bb5 Ke7 (23... Ne5 $14) 24. Bxc6 $16 bxc6 25. Nd3 Nd7 {[%emt 0:02:40] Against Ne5} 26. f4 (26. Na4 $16) 26... Rab8 27. b3 f6 {[%emt 0:01:08] White stays focused until the end.} 28. Rac1 e5 29. Na4 Rbc8 30. Nb4 {[%emt 0:00:22] White is more active. Pair of Knights!} Nb8 {[%emt 0:00:31] [#]} (30... exf4+ $16 31. gxf4 c5 32. Nd5+ Kf8) 31. Rxd8 (31. fxe5 $1 $18 Rxd1 32. exf6+ (32. Rxd1 fxe5 33. Nc5 Rc7 $16) 32... gxf6 33. Rxd1) 31... Kxd8 (31... exf4+ $16 32. gxf4 Kxd8) 32. Nc5 ({White should try} 32. fxe5 $18 fxe5 33. Rc5) 32... Bg8 (32... exf4+ $16 33. gxf4 Ke7) 33. fxe5 $18 Ke7 (33... fxe5 $16 {was worth a try.} 34. Nbd3 Nd7) 34. exf6+ Kxf6 35. Rd1 Ke7 36. Rd4 Rf8 $2 (36... Rd8 {was called for.} 37. Nbd3 Rxd4 38. Kxd4 Be6) 37. e5 Rf5 $2 (37... Rd8 38. Rg4 Kf8 39. Rf4+ Ke7) 38. Nbd3 g5 (38... a5 $142 39. Ra4 Nd7 40. Nxd7 Kxd7 41. Rxa5 Bd5 42. Ra7+ Ke8 43. Rxg7 Rf1) 39. Rb4 Nd7 40. Rb7 Be6 41. Nxd7 Bxd7 {[%emt 0:00:09][%mdl 4096] Endgame KRB-KRN} 42. Kd4 {[%emt 0:00:17] Black must now prevent Nc5.} Kd8 43. Nc5 Bc8 44. Rxa7 Rf2 45. e6 Rd2+ 46. Ke3 Rxh2 47. e7+ Ke8 48. Ne4 Bd7 49. Nf6+ Kxe7 50. Nxd7 {[%emt 0:00:04] KRN-KR} h5 51. Ne5+ Kf6 52. Nxc6 Rh3 53. Kf2 {[%emt 0:00:12] aiming for Kg2.} Rh2+ 54. Kg1 Rd2 55. Ra5 Rd6 56. Nb4 {[%emt 0:00:12] Ra6 is the strong threat.} Rd4 57. Rb5 Rd1+ 58. Kf2 h4 59. gxh4 gxh4 60. Nd5+ Ke6 {[%emt 0:00:35] [#]} 61. a4 $1 {[%emt 0:00:42][%cal Ba2a4,Ba4a5][%mdl 32] And now Nf4+ would win.} Rd4 {[%emt 0:03:07] [#]} (61... Kd7 62. Nf4) 62. Ke3 $1 Rg4 (62... Rd1 63. Nf4+) 63. Nf4+ Kd6 64. a5 h3 65. Nxh3 {[%emt 0:00:38] White wants to mate with Nf4.} Rg3+ 66. Kd4 {[%emt 0:00:03] White threatens Nf4 and mate.} Rxh3 {[%emt 0:00:10] KR-KR} 67. Rb6+ Kc7 68. b4 Rh4+ 69. Kc5 Rh5+ 70. Kc4 Rg5 71. Rh6 Kb7 72. Rd6 Rg1 73. Kc5 Rc1+ 74. Kb5 Rc7 75. Rb6+ Ka7 76. Rc6 Rg7 77. Rc5 Rb7+ 78. Ka4 Rg7 79. b5 Rg4+ 80. Kb3 Kb7 81. Rh5 Rg7 82. Kb4 Rg4+ 83. Kc5 Rg7 84. a6+ Ka7 85. Rh6 Rc7+ 86. Kb4 Rg7 87. Ka5 Rg5 88. Rh7+ Ka8 89. Rc7 Kb8 90. Kb6 $2 (90. Rd7 {mates} Rf5 91. Kb6 Rf8 92. Rd6 Rc8 93. Ka5 Rc5 94. Kb4 Rc1 95. b6) 90... Rg6+ $2 (90... Rxb5+ $11 91. Kc6 Rc5+ 92. Kxc5 Kxc7) 91. Rc6 {[%emt 0:00:05] White mates.} Rg7 92. a7+ Rxa7 {[%emt 0:00:15] [#]} 93. Rc8+ $3 {[%emt 0:00:03][%mdl 512] Weighted Error Value: White=0.28 (precise) /Black=0.30} 1-0

[Event "Vienna Championship-B 2022"]
[Site "Vienna"]
[Date "2022.09.19"]
[Round "3.7"]
[White "Schwabeneder, Alois"]
[Black "Kunschek, Horst"]
[Result "1-0"]
[ECO "C70"]
[WhiteElo "1911"]
[BlackElo "1743"]
[Annotator "TA"]
[PlyCount "87"]
[EventDate "2022.09.17"]
[EventType "swiss"]
[EventCountry "AUT"]
[SourceTitle "playchess.com"]
[Source "ChessBase"]
[SourceQuality "1"]
[TimeControl "5400+30"]

1. e4 e5 2. Nf3 Nc6 3. Bb5 a6 4. Ba4 b5 5. Bb3 Bc5 6. d3 {[%emt 0:01:28] C70: Ruy Lopez: 3...a6 4 Ba4, Norwegian and Delayed Schliemann.} h6 7. O-O d6 8. Be3 {[%emt 0:00:32] White has an edge.} Nf6 {[%emt 0:00:55] [#]} 9. Bd5 $146 ({Predecessor:} 9. c3 O-O 10. Nbd2 Rb8 11. Qe2 Ng4 12. Bxc5 dxc5 13. Rad1 Nf6 14. Rfe1 Be6 15. Bxe6 fxe6 {0-1 (47) Spraggett,K (2535)-Kaczur,F (2459) Lisbon 2018}) 9... Nxd5 10. exd5 Bxe3 11. fxe3 Ne7 12. e4 O-O 13. a4 c6 14. dxc6 $1 Nxc6 15. Kh1 (15. axb5 {is more complex.} Qb6+ 16. Rf2 Qxb5 17. c3) 15... bxa4 16. Rxa4 Bd7 17. Ra1 Qb6 18. b3 Bg4 19. h3 Bxf3 20. Qxf3 Nd4 21. Qf2 {[%emt 0:00:09] [#] Threatens to win with c3.} Rac8 (21... Qc6 $15 {keeps the upper hand.} 22. Na3 f5) 22. Na3 $2 ({Only move:} 22. c3 $18) 22... Qc5 23. Nc4 Qc6 (23... f5 $11) 24. Qd2 f5 {[%emt 0:00:41] [#]} 25. exf5 (25. c3 $1 $16 Nb5 26. exf5 (26. Rxf5 Rxf5 27. exf5 Rf8 $14)) 25... Nxf5 {[%emt 0:00:20] ...Ng3+ is the strong threat.} 26. Rf3 {[%emt 0:01:16] Against Ng3+} e4 27. dxe4 Qxe4 28. Rd1 ({Don't play} 28. Rxa6 d5 29. Nb6 Rc6 $11) ({Much worse is} 28. Nxd6 Qe5 29. Rxa6 (29. Nxc8 Qxa1+ 30. Kh2 Qe5+ 31. Qf4 Qc5 $11) 29... Rcd8 $11) 28... Rcd8 29. Qd5+ Qxd5 30. Rxd5 g6 31. Kg1 h5 32. g3 {[%emt 0:08:33] White is more active.} Kg7 33. Kg2 Rfe8 34. Kf2 Re6 35. Rfd3 Rf6 (35... Rf8 $11 36. Rf3 Rfe8) 36. Ke2 Re8+ 37. Kd2 Ree6 38. Kc3 Kf7 39. g4 hxg4 40. hxg4 Ne7 41. Rxd6 Nc6 $2 (41... Rxd6 $16 42. Nxd6+ Ke6) 42. g5 $18 {[%emt 0:01:46] White is clearly winning.} Rf5 43. Rxe6 Kxe6 44. Rd6+ {Weighted Error Value: White=0.22 (precise) /Black=0.28 (precise)} 1-0

[Event "Vienna Championship-B 2022"]
[Site "Vienna"]
[Date "2022.09.19"]
[Round "3.8"]
[White "Berrouka, Elias"]
[Black "Hirsch, Adolf Jun."]
[Result "1/2-1/2"]
[ECO "D79"]
[WhiteElo "1847"]
[BlackElo "1731"]
[Annotator "NA COMBH"]
[PlyCount "66"]
[EventDate "2022.09.17"]
[EventType "swiss"]
[EventCountry "AUT"]
[SourceTitle "playchess.com"]
[Source "ChessBase"]
[SourceQuality "1"]
[TimeControl "5400+30"]

1. d4 Nf6 2. c4 g6 3. Nf3 Bg7 4. g3 c6 5. Nc3 d5 6. cxd5 cxd5 7. Bg2 O-O 8. O-O Nc6 9. Bf4 Ne4 10. Qb3 e6 11. e3 h6 12. h4 f6 13. g4 g5 14. Bh2 gxh4 15. Nxe4 dxe4 16. Nd2 Na5 17. Qc3 Nc6 18. Nxe4 e5 19. d5 Ne7 20. d6 Nc6 21. f3 Bd7 22. Nc5 b6 23. Nxd7 Qxd7 24. Rfd1 Rac8 25. Qa3 Rfd8 26. Rd2 Na5 27. Bf1 Kh8 28. Ba6 Rc5 29. Qd3 Nc6 30. a3 Nb8 31. b4 Nxa6 32. bxc5 Nxc5 33. Qd5 Bf8 1/2-1/2

[Event "Vienna Championship-B 2022"]
[Site "Vienna"]
[Date "2022.09.20"]
[Round "3.10"]
[White "Prummer, Sebastian"]
[Black "Iehl, William"]
[Result "0-1"]
[ECO "D02"]
[WhiteElo "1762"]
[BlackElo "1781"]
[Annotator "NA COMBH"]
[PlyCount "52"]
[EventDate "2022.09.17"]
[EventType "swiss"]
[EventCountry "AUT"]
[SourceTitle "playchess.com"]
[Source "ChessBase"]
[SourceQuality "1"]
[TimeControl "5400+30"]

1. Nf3 d5 2. g3 Nc6 3. d4 Bf5 4. c4 e6 5. Qa4 Qd7 6. Bg2 Nf6 7. O-O Be7 8. Nc3 Ne4 9. Rd1 h5 10. cxd5 exd5 11. h4 f6 12. Qb5 O-O-O 13. Bf4 g5 14. hxg5 fxg5 15. Be5 Nxc3 16. bxc3 Nxe5 17. Qb3 Nxf3+ 18. Bxf3 Be4 19. Bxe4 dxe4 20. Rab1 b6 21. c4 Qf5 22. c5 Rhf8 23. c6 Rd6 24. d5 Qxf2+ 25. Kh1 Qxe2 26. Qa4 Rf2 0-1

[Event "Vienna Championship-B 2022"]
[Site "Vienna"]
[Date "2022.09.19"]
[Round "3.12"]
[White "Reif, Werner"]
[Black "Ginther, Tobias"]
[Result "1/2-1/2"]
[ECO "D02"]
[WhiteElo "1747"]
[BlackElo "1766"]
[Annotator "NA COMBH"]
[PlyCount "61"]
[EventDate "2022.09.17"]
[EventType "swiss"]
[EventCountry "AUT"]
[SourceTitle "playchess.com"]
[Source "ChessBase"]
[SourceQuality "1"]
[TimeControl "5400+30"]

1. d4 d5 2. Nf3 Nf6 3. c3 Bf5 4. Qb3 Qc8 5. Bg5 Nbd7 6. Nbd2 e6 7. e3 c5 8. c4 b6 9. Be2 Be7 10. O-O h6 11. Bh4 g5 12. Bg3 Nh5 13. cxd5 Nxg3 14. fxg3 exd5 15. Qxd5 Be6 16. Qe4 Nf6 17. Bb5+ Kf8 18. Qc2 Qd8 19. Bc4 Bxc4 20. Qxc4 cxd4 21. Ne5 Rh7 22. exd4 Qd5 23. Qxd5 Nxd5 24. Ng6+ Ke8 25. Nxe7 Kxe7 26. Rae1+ Kd7 27. Rf5 Ne7 28. Rf2 f5 29. Ref1 Rc8 30. Nb3 Rf7 31. Ra1 1/2-1/2

[Event "Vienna Championship-B 2022"]
[Site "Vienna"]
[Date "2022.09.19"]
[Round "3.13"]
[White "Pavlov, Alexander"]
[Black "Pantelic, Slobodan"]
[Result "0-1"]
[ECO "B41"]
[WhiteElo "1751"]
[BlackElo "1596"]
[Annotator "NA COMBH"]
[PlyCount "116"]
[EventDate "2022.09.17"]
[EventType "swiss"]
[EventCountry "AUT"]
[SourceTitle "playchess.com"]
[Source "ChessBase"]
[SourceQuality "1"]
[TimeControl "5400+30"]

1. e4 c5 2. Nf3 e6 3. d4 cxd4 4. Nxd4 a6 5. a3 Be7 6. Be2 d6 7. O-O Nf6 8. Nc3 b5 9. Kh1 Bb7 10. Bf3 Nbd7 11. Qe1 Ne5 12. Be2 Rc8 13. f4 Nc4 14. Bf3 Qb6 15. e5 Bxf3 16. Nxf3 dxe5 17. Nxe5 O-O 18. Qg3 Rfd8 19. Nxc4 Rxc4 20. b3 Rc5 21. Bb2 g6 22. Rad1 Rcc8 23. Qf3 Rxd1 24. Rxd1 h5 25. Ne4 Ng4 26. h3 Nh6 27. Rd7 Nf5 28. Rb7 Qc6 29. Nf6+ Bxf6 30. Qxc6 Rxc6 31. Bxf6 Rc8 32. Ra7 h4 33. Rxa6 Ng3+ 34. Kh2 g5 35. Bxg5 Nf5 36. Ra5 Rxc2 37. Rxb5 Ne3 38. Kh1 Nxg2 39. a4 Ne1 40. Bxh4 Nf3 41. Bg3 Rc3 42. Kg2 Nd4 43. Rb8+ Kh7 44. Rb4 Nxb3 45. Bf2 Rd3 46. Rb7 Kg6 47. Ra7 Rc3 48. a5 Rc2 49. a6 Ra2 50. Ra8 Nc5 51. a7 Kh7 52. Rc8 Rxa7 53. Rxc5 Ra2 54. Kg3 Kg6 55. Bd4 f6 56. h4 Ra3+ 57. Kg4 f5+ 58. Rxf5 exf5# 0-1

[Event "Vienna Championship-B 2022"]
[Site "Vienna"]
[Date "2022.09.19"]
[Round "3.16"]
[White "Paseka, Christian"]
[Black "Stadlinger, Lukas"]
[Result "1-0"]
[ECO "E62"]
[WhiteElo "1568"]
[BlackElo "1729"]
[Annotator "NA COMBH"]
[PlyCount "71"]
[EventDate "2022.09.17"]
[EventType "swiss"]
[EventCountry "AUT"]
[SourceTitle "playchess.com"]
[Source "ChessBase"]
[SourceQuality "1"]
[TimeControl "5400+30"]

1. d4 Nf6 2. Nf3 g6 3. c4 Bg7 4. Nc3 O-O 5. g3 d6 6. Bg2 Nc6 7. O-O e5 8. d5 Ne7 9. e4 Nd7 10. h3 f5 11. Bg5 Nf6 12. Nd2 h6 13. Bxf6 Bxf6 14. f3 Bd7 15. Qe2 Qc8 16. Kh2 Kh7 17. b4 c5 18. b5 a6 19. a4 axb5 20. Nxb5 Bxb5 21. cxb5 Qc7 22. Nc4 Rfb8 23. a5 Nc8 24. b6 Qd7 25. Rfb1 Bd8 26. Ra3 Ra6 27. h4 g5 28. Bh3 Qe7 29. Bxf5+ Kg7 30. hxg5 hxg5 31. Rh1 Qf6 32. Kg2 Ne7 33. Be6 Ng6 34. Nxd6 Bxb6 35. Qb5 Qe7 36. Nf5+ 1-0